 Dungeon Crawl Stone Soup version 0.17-a0-1767-gccbed74 (webtiles) character file.

52 METASAKKE the Skirmisher (level 3, -1/24 HPs)
             Began as a Gargoyle Berserker on Sept 6, 2015.
             Was a Believer of Trog.
             Slain by Sigmund
             ... wielding a +0 scythe
              (8 damage)
             ... on level 2 of the Dungeon.
             The game lasted 00:02:40 (931 turns).

METASAKKE the Skirmisher (Gargoyle Berserker)        Turns: 931, Time: 00:02:40

Health: -1/24      AC:  8    Str: 20    XL:     3   Next: 85%
Magic:  3/3        EV: 11    Int:  8    God:    Trog [**....]
Gold:   38         SH:  0    Dex:  9    Spells: 0 memorised, 2 levels left

rFire  . . .     SeeInvis .     l - +0 whip
rCold  . . .     Clarity  .     e - +0 ring mail
rNeg   + . .     SustAt   .     (no shield)
rPois  ∞         Gourm    .     (no helmet)
rElec  +         Spirit   .     (no cloak)
rCorr  .         Warding  .     (no gloves)
rMut   .         Stasis   .     (no boots)
MR     .....                    (no amulet)
Stlth  ..........               (no ring)
                                (no ring)

@: exhausted, slowed, very slow, not resistant to hostile enchantments,
extremely unstealthy
A: negative energy resistance 1, electricity resistance, unbreathing,
petrification resistance, rot immunity, AC +3
a: Burn Spellbooks, Berserk, Trog's Hand, Renounce Religion


You were on level 2 of the Dungeon.
You worshipped Trog.
Trog was pleased with you.
You were very hungry.

You visited 1 branch of the dungeon, and saw 2 of its levels.

You collected 38 gold pieces.

Inventory:

Hand weapons
 a - a +0 mace
 l - a +0 whip (weapon)
Armour
 e - a +0 ring mail (worn)
Jewellery
 f - an uncursed ring of protection from fire {unknown}
Scrolls
 d - a scroll of amnesia {unknown}
 h - a scroll of teleportation {unknown}
 j - a scroll of identify {unknown}
 o - 2 scrolls of recharging {unknown}
Potions
 b - 2 potions of flight {unknown}
 g - 2 potions of ambrosia {unknown}
 i - a potion of degeneration {unknown}
 m - 2 potions of lignification {unknown}
 n - a potion of brilliance {unknown}
Comestibles
 c - 2 bread rations
 k - 4 chunks of flesh


   Skills:
 + Level 4.0 Fighting
 + Level 3.6 Maces & Flails
 + Level 2.5 Armour
 + Level 2.0 Dodging


You had 2 spell levels left.
You didn't know any spells.

Dungeon Overview and Level Annotations

Branches:
Dungeon (2/15)

Altars:

Annotations:
D:2 Sigmund


Innate Abilities, Weirdness & Mutations

You are resistant to torment.
Your stone body is resilient (AC +3).
You are immune to poison.
You resist negative energy.
You are resistant to electric shocks.
You can survive without breathing.
You are immune to petrification.
You are immune to rotting.


Message History

The puff of flame hits you! Sigmund hits you with a scythe. x2
You can move again.
Unknown command.
You hit Sigmund.
Sigmund is lightly wounded.
Sigmund barely misses you.
You hit Sigmund but do no damage.
Sigmund is lightly wounded.
Your skin stops crawling.
You feel less resistant to hostile enchantments.
Sigmund hits you with a scythe.
* * * LOW HITPOINT WARNING * * *
You hit Sigmund.
Sigmund is moderately wounded.
Sigmund misses you.
You hit Sigmund.
Sigmund is heavily wounded.
Sigmund hits you with a scythe!
You die...

###### ##....##
#......# # #..<...#
... #......#
.....##### #......#
.....g@@)####......#
....####)).)......##
. #####.....####.##
......#.........
#.......#######.
.........##
#..#####..####.. #.#
##....... #.
#####.######


You could see Sigmund and a goblin.

Vanquished Creatures
  Robin (D:2)
  3 giant geckos
  6 bats
  A giant cockroach (D:1)
  7 hobgoblins
  A giant newt (D:1)
  9 goblins
  6 kobolds
  5 rats
39 creatures vanquished.

Notes
Turn   | Place    | Note
--------------------------------------------------------------
     0 | D:1      | METASAKKE the Gargoyle Berserker began the quest for the Orb.
     0 | D:1      | Reached XP level 1. HP: 14/14 MP: 1/1
   220 | D:1      | Reached XP level 2. HP: 19/19 MP: 2/2
   620 | D:1      | Acquired Trog's second power
   685 | D:1      | Reached XP level 3. HP: 21/24 MP: 3/3
   851 | D:2      | Reached skill level 4 in Fighting
   889 | D:2      | Noticed Robin
   893 | D:2      | Noticed Sigmund
   907 | D:2      | Killed Robin
   931 | D:2      | Slain by Sigmund

Vault maps used:
D:1:      dpeg_arrival_subterranean_lakeside_camping
D:2:      uniq_robin, uniq_sigmund, uniq_terence

Action                   || total
-------------------------++-------
Melee: Mace              ||    94
       Whip              ||    44
Invok: Berserk           ||     1
       Trog's Hand       ||     1
